 Dungeon Crawl Stone Soup version 0.25-a0-59-gf342c8b036 (webtiles) character file.

Game seed: 13071256372161885939, levelgen mode: deterministic

2543157 Goomeeoh the Conqueror (level 27, 199/199 HPs)
             Began as a Gargoyle Fighter on Oct 28, 2019.
             Was the Champion of the Shining One.
             Escaped with the Orb
             ... and 4 runes!
             The game lasted 05:00:27 (72367 turns).

Goomeeoh the Conqueror (Gargoyle Fighter)          Turns: 72367, Time: 05:00:27

Health: 199/199    AC: 69    Str: 39    XL:     27
Magic:  46/46      EV: 21    Int: 32    God:    the Shining One [******]
Gold:   4714       SH: 37    Dex: 19    Spells: 29/35 levels left

rFire    + + +     SeeInvis +   a - +10 broad axe of Oruteuz {chop, rPois rC+ Int+4 Dex+4}
rCold    + + +     Gourm    .   m - +8 large shield "Moevecy" {rN+ Int+2}
rNeg     + + +     Faith    .   H - +12 gold dragon scales
rPois    ∞         Spirit   .   z - +0 hat of the Monkey {rC+ MP+9 Dex+4}
rElec    +         Reflect  .   h - +1 cloak of Starlight {rElec rC+ EV+4 Stlth--}
rCorr    .         Harm     .   E - +3 pair of gauntlets of War {Slay+5}
MR       ++++.                  y - +0 pair of boots "Zilis" {*Drain Str+4 Int+8 SInv}
Stlth    ..........             u - amulet of Xuraisom {RegenMP Str+6 Int+4 Stlth+}
HPRegen  0.43/turn              M - ring of Koadae {rC+ MR+ Int+3}
MPRegen  0.55/turn              v - ring "Oladeb" {rF+ MR+ Dex+4}

@: very slightly contaminated, glowing
A: big wings, slimy green scales 1, clumsy 1, dopey 1, fire resistance 1,
negative energy resistance 1, sense surroundings 1, electricity resistance,
unbreathing, petrification resistance, rot immunity, AC +20
0: Orb of Zot
}: 4/15 runes: decaying, serpentine, silver, abyssal
a: Fly, Divine Shield, Cleansing Flame, Summon Divine Warrior, Brand Weapon With
Holy Wrath, Renounce Religion


You escaped.
You worshipped the Shining One.
The Shining One was exalted by your worship.
You were not hungry.

You visited 11 branches of the dungeon, and saw 53 of its levels.
You visited the Abyss 1 time.
You visited 1 ziggurat, and saw 22 of its levels.
You also visited: Trove, Ossuary, Bailey, Gauntlet and Ice Cave.

You collected 10877 gold pieces.
You spent 6163 gold pieces at shops.

Inventory:

Hand Weapons
 a - the +10 broad axe of Oruteuz (weapon) {chop, rPois rC+ Int+4 Dex+4}
   (You bought it in a shop on level 4 of the Depths)

   It inflicts extra damage upon your enemies.
   It affects your intelligence (+4).
   It affects your dexterity (+4).
   It protects you from cold.
   It protects you from poison.
 b - the +3 hand axe of the Enemy {venom, -Tele +Fly rElec Str+6}
   (You took it off a yaktaur on level 2 of the Depths)

   It poisons the flesh of those it strikes.
   It affects your strength (+6).
   It insulates you from electricity.
   It lets you fly.
   It prevents most forms of teleportation.
 r - a +9 broad axe of flaming
Missiles
 w - 3 throwing nets
 B - 47 silver javelins
 Y - 20 javelins (quivered)
Armour
 h - the +1 cloak of Starlight (worn) {rElec rC+ EV+4 Stlth--}
   (You found it on level 15 of a ziggurat)

   It affects your evasion (+4).
   It protects you from cold.
   It insulates you from electricity.
   It makes you much less stealthy.
 m - the +8 large shield "Moevecy" (worn) {rN+ Int+2}
   (You acquired it on level 4 of the Swamp)

   It affects your intelligence (+2).
   It protects you from negative energy.
 y - the +0 pair of boots "Zilis" (worn) {*Drain Str+4 Int+8 SInv}
   (You acquired it on level 3 of the Abyss)

   It affects your strength (+4).
   It affects your intelligence (+8).
   It lets you see invisible.
   It causes draining when unequipped.
 z - the +0 hat of the Monkey (worn) {rC+ MP+9 Dex+4}
   (You acquired it on level 22 of a ziggurat)

   It affects your dexterity (+4).
   It protects you from cold.
   It affects your magic capacity (+9).
 E - the +3 pair of gauntlets of War (worn) {Slay+5}
   (You bought it in a shop on level 2 of the Orcish Mines)

   It affects your accuracy and damage with ranged weapons and melee attacks
   (+5).
 H - +12 gold dragon scales (worn)
Jewellery
 i - the ring of Ureanini {Wiz rC+ rN++ Str-3 Dex+4}
   (You found it on level 11 of a ziggurat)

   [ring of wizardry]

   It improves your spell success rate.
   It affects your strength (-3).
   It affects your dexterity (+4).
   It protects you from cold.
   It greatly protects you from negative energy.
 j - a +4 amulet of reflection
 u - the amulet of Xuraisom (around neck) {RegenMP Str+6 Int+4 Stlth+}
   (You found it in a Gauntlet)

   [amulet of magic regeneration]

   It increases your magic regeneration.
   It affects your strength (+6).
   It affects your intelligence (+4).
   It makes you more stealthy.
 v - the ring "Oladeb" (right hand) {rF+ MR+ Dex+4}
   (You found it in a Gauntlet)

   [ring of protection from magic]

   It affects your dexterity (+4).
   It protects you from fire.
   It affects your resistance to hostile enchantments.
 x - an uncursed amulet of regeneration
 L - the ring "Pippec" {rElec rF+ rCorr Int-5 Dex+2}
   (You found it on level 5 of the Vaults)

   [ring of resist corrosion]

   It affects your intelligence (-5).
   It affects your dexterity (+2).
   It protects you from fire.
   It insulates you from electricity.
   It provides partial protection from all sources of acid and corrosion.
 M - the ring of Koadae (left hand) {rC+ MR+ Int+3}
   (You found it on level 7 of a ziggurat)

   [ring of protection from magic]

   It affects your intelligence (+3).
   It protects you from cold.
   It affects your resistance to hostile enchantments.
 N - the ring of Nepu {Wiz Int+9 Stlth+}
   (You found it on level 22 of a ziggurat)

   [ring of wizardry]

   It improves your spell success rate.
   It affects your intelligence (+9).
   It makes you more stealthy.
Wands
 c - a wand of acid (37)
 U - a wand of digging (18)
 X - a wand of iceblast (79)
Scrolls
 l - a scroll of summoning
 n - 7 scrolls of holy word
 o - 36 scrolls of remove curse
 p - 27 scrolls of teleportation
 t - 4 scrolls of magic mapping
 A - 6 scrolls of blinking
 J - 4 scrolls of fear
 O - 6 scrolls of silence
 W - 14 scrolls of fog
 Z - 10 scrolls of immolation
Potions
 d - 7 potions of might
 e - 29 potions of curing
 g - 10 potions of resistance
 k - 3 potions of berserk rage
 q - 17 potions of heal wounds
 C - 8 potions of cancellation
 F - 5 potions of magic
 I - 13 potions of brilliance
 K - 4 potions of ambrosia
 Q - 7 potions of haste
 S - 10 potions of agility
 T - 12 potions of mutation
Miscellaneous
 s - a box of beasts
 D - a phial of floods
 P - a lamp of fire
 R - 6 phantom mirrors
Comestibles
 f - 119 rations


   Skills:
 O Level 27 Fighting
   Level 0.6 Long Blades
 - Level 26.1 Axes
 - Level 21.1 Throwing
 - Level 23.0 Armour
 - Level 12.6 Dodging
 - Level 24.4 Shields
 - Level 4.6 Spellcasting
 - Level 6.1 Charms
 - Level 4.2 Transmutations
 - Level 3.2 Air Magic
 + Level 6.9 Earth Magic
 - Level 21.7 Invocations
 - Level 8.2 Evocations


You had 29 spell levels left.
You knew the following spells:

 Your Spells              Type           Power        Failure   Level  Hunger
a - Passwall              Tmut/Erth      #####...     4%          2    None
b - Song of Slaying       Chrm           #####...     3%          2    None
c - Swiftness             Chrm/Air       #####...     6%          2    None

Your spell library contained the following spells:

 Spells                   Type           Power        Failure   Level  Hunger
 Sandblast                Erth           ######       1%          1    None
 Infusion                 Chrm           ####         2%          1    None
 Shroud of Golubria       Chrm/Tloc      ####..       12%         2    None
 Shock                    Conj/Air       ###.         14%         1    None
 Stone Arrow              Conj/Erth      ####..       21%         3    #......
 Poisonous Vapours        Pois/Air       ###...       22%         2    None
 Ozocubu's Armour         Chrm/Ice       ####....     24%         3    #......
 Regeneration             Chrm/Necr      ####......   24%         3    #......
 Spectral Weapon          Hex/Chrm       ####....     24%         3    #......
 Animate Skeleton         Necr           N/A          28%         1    None
 Apportation              Tloc           #.....       28%         1    None
 Confusing Touch          Hex            #.....       28%         1    None
 Corona                   Hex            #......      28%         1    None
 Flame Tongue             Conj/Fire      #....        28%         1    None
 Freeze                   Ice            #...         28%         1    None
 Magic Dart               Conj           #...         28%         1    None
 Pain                     Necr           #...         28%         1    None
 Sting                    Conj/Pois      #...         28%         1    None
 Summon Butterflies       Summ           #.......     28%         1    None
 Summon Small Mammal      Summ           #...         28%         1    None
 Petrify                  Tmut/Erth      #####...     28%         4    ###....
 Blink                    Tloc           N/A          41%         2    None
 Call Imp                 Summ           #.......     41%         2    None
 Corpse Rot               Necr           N/A          41%         2    None
 Ensorcelled Hibernation  Hex/Ice        #.....       41%         2    None
 Slow                     Hex            #.......     41%         2    None
 Throw Flame              Conj/Fire      #.....       41%         2    None
 Throw Frost              Conj/Ice       #.....       41%         2    None
 Static Discharge         Conj/Air       ###.....     41%         3    #......
 Lee's Rapid Deconstruct  Erth           ######....   41%         5    #####..
 Ignite Poison            Fire/Tmut/Pois ###.....     43%         3    #......
 Mephitic Cloud           Conj/Pois/Air  ##......     50%         3    #......
 Leda's Liquefaction      Hex/Erth       ####......   56%         4    ###....
 Airstrike                Air            ####......   58%         4    ###....
 Call Canine Familiar     Summ           #.......     65%         3    #......
 Confuse                  Hex            #.......     65%         3    #......
 Conjure Flame            Conj/Fire      #.......     65%         3    #......
 Dazzling Spray           Conj/Hex       #.....       65%         3    #......
 Gell's Gravitas          Tloc           #.........   65%         3    #......
 Inner Flame              Hex/Fire       #.......     65%         3    #......
 Lesser Beckoning         Tloc           #.........   65%         3    #......
 Portal Projectile        Hex/Tloc       #.....       65%         3    #......
 Recall                   Summ/Tloc      N/A          65%         3    #......
 Summon Guardian Golem    Hex/Summ       #.......     65%         3    #......
 Teleport Other           Tloc           #.......     65%         3    #......
 Tukima's Dance           Hex            #.......     65%         3    #......
 Vampiric Draining        Necr           #.........   65%         3    #......
 Ice Form                 Ice/Tmut       ###.....     75%         4    ###....
 Summon Lightning Spire   Summ/Air       ###.....     82%         4    ###....
 Borgnjor's Vile Clutch   Necr/Erth      ####......   88%         5    #####..
 Excruciating Wounds      Chrm/Necr      ####......   91%         5    #####..
 Iskenderun's Battlesphe  Conj/Chrm      ####....     91%         5    #####..
 Animate Dead             Necr           N/A          96%         4    ###....
 Cause Fear               Hex            #.........   96%         4    ###....
 Force Lance              Conj/Tloc      #.......     96%         4    ###....
 Fulminant Prism          Conj/Hex       #.........   96%         4    ###....
 Sticky Flame             Conj/Fire      #.......     96%         4    ###....
 Summon Ice Beast         Ice/Summ       #.......     96%         4    ###....
 Throw Icicle             Conj/Ice       #.......     96%         4    ###....
 Alistair's Intoxication  Tmut/Pois      ###.....     97%         5    #####..
 Bolt of Magma            Conj/Fire/Erth ###.......   97%         5    #####..
 Irradiate                Conj/Tmut      ###.......   97%         5    #####..
 Yara's Violent Unravell  Hex/Tmut       ###.......   97%         5    #####..
 Lightning Bolt           Conj/Air       ###.......   99%         5    #####..
 Silence                  Hex/Air        ###.......   99%         5    #####..
 Deflect Missiles         Chrm/Air       #####.....   99%         6    ######.
 Agony                    Necr           #.......     100%        5    #####..
 Aura of Abjuration       Summ           #.........   100%        5    #####..
 Bolt of Draining         Conj/Necr      #.........   100%        5    #####..
 Dispel Undead            Necr           #.......     100%        5    #####..
 Fireball                 Conj/Fire      #.........   100%        5    #####..
 Metabolic Englaciation   Hex/Ice        #.........   100%        5    #####..
 Summon Demon             Summ           #.........   100%        5    #####..
 Summon Forest            Summ/Tloc      #.........   100%        5    #####..
 Summon Mana Viper        Hex/Summ       #.......     100%        5    #####..
 Venom Bolt               Conj/Pois      #.........   100%        5    #####..
 Bolt of Cold             Conj/Ice       #.........   100%        6    ######.
 Bolt of Fire             Conj/Fire      #.........   100%        6    ######.
 Conjure Ball Lightning   Conj/Air       ###.......   100%        6    ######.
 Darkness                 Hex            #.........   100%        6    ######.
 Death Channel            Necr           #.........   100%        6    ######.
 Dispersal                Tloc           #.........   100%        6    ######.
 Freezing Cloud           Conj/Ice/Air   ##........   100%        6    ######.
 Hydra Form               Tmut           ####......   100%        6    ######.
 Invisibility             Hex            #.......     100%        6    ######.
 Iron Shot                Conj/Erth      ####......   100%        6    ######.
 Ozocubu's Refrigeration  Ice            #.........   100%        6    ######.
 Shadow Creatures         Summ           N/A          100%        6    ######.
 Simulacrum               Ice/Necr       #.........   100%        6    ######.
 Dragon Form              Tmut           ####......   100%        7    #######
 Malign Gateway           Summ/Tloc      #.........   100%        7    #######
 Orb of Destruction       Conj           #.........   100%        7    #######
 Ring of Flames           Chrm/Fire      ####......   100%        7    #######
 Spellforged Servitor     Conj/Summ      #.........   100%        7    #######
 Summon Hydra             Summ           #.........   100%        7    #######
 Controlled Blink         Tloc           N/A          100%        8    #######
 Discord                  Hex            #.........   100%        8    #######
 Disjunction              Tloc           #.........   100%        8    #######
 Ignition                 Fire           #.........   100%        8    #######
 Shatter                  Erth           ######....   100%        9    #######
 Tornado                  Air            ####......   100%        9    #######
 Sublimation of Blood     Necr           Unusable     N/A         2    N/A
 Passage of Golubria      Tloc           Unusable     N/A         4    N/A
 Statue Form              Tmut/Erth      Unusable     N/A         6    N/A

Dungeon Overview and Level Annotations

Branches:
Dungeon (15/15)            Temple (1/1) D:7            Lair (6/6) D:9
  Swamp (4/4) Lair:4        Snake (4/4) Lair:4        Slime (0/5) Lair:5
    Orc (2/2) D:10            Elf (3/3) Orc:2        Vaults (5/5) D:14
  Crypt (3/3) Vaults:3       Tomb (0/3) Crypt:3      Depths (5/5) D:15
    Zot (5/5) Depths:5    Ossuary (visited)          Bailey (visited)
  IceCv (visited)         Gauntlet (visited)

Altars:
Ashenzari
Cheibriados
Dithmenos
Elyvilon
Fedhas
Gozag
Hepliaklqana
Kikubaaqudgha
Makhleb
Nemelex Xobeh
Okawaru
Qazlal
Ru
Sif Muna
Trog
Uskayaw
Vehumet
Wu Jian
Xom
Yredelemnul
Zin
The Shining One
Beogh
Jiyva

Shops:
D:6 =:*   Orc:2 [![**(?}   Elf:2 [   Vaults:2 *   Vaults:3 [*(   Vaults:4 %
Depths:4 (

Portals:
Hell: Depths:1 Depths:2 Depths:3 Depths:4 Depths:5
Abyss: Depths:1 Depths:4
Pandemonium: Depths:3

Annotations:
D:1 exclusion: downstairs
D:3 exclusion: downstairs
D:9 2 transporters, Yorgos's ghost, novice DsAK
Orc:1 1 runed translucent door
Vaults:3 2 runed translucent doors, Wakhat's ghost, adept MiFi; Xeplikar's ghost, adept GnWn
Depths:4 exclusion: upstairs


Innate Abilities, Weirdness & Mutations

You are resistant to torment.
Your stone body is resilient. (AC +20)
You are immune to poison.
Your large and strong wings let you fly indefinitely.
You resist negative energy. (rN+)
You are resistant to electric shocks. (rElec)
You can survive without breathing.
You are immune to petrification.
You are immune to rotting.
You are partially covered in slimy green scales. (AC +2)
You are clumsy. (Dex -2)
You are dopey. (Int -2)
Your flesh is heat resistant. (rF+)
You passively map a small area around you.


Message History

Casting: Passwall (safe; 4% risk of failure)
Confirm with . or Enter, or press ? or * to list all spells.
Aiming: Passwall (safe; 4% risk of failure)
Press: ? - help, Dir - move target cursor A rock wall.
This square is lit by a halo and is covered in magical glow.
You begin to meditate on the wall.
You continue meditating on the rock. x3
You finish merging with the rock.
Evoke which item? (* to show all) (? for menu, Esc to quit)
Aiming: Dig
Press: ? - help, Shift-Dir - straight line A rock wall.
This square is lit by a halo and is covered in magical glow.
The rock shatters into small pieces.
There is an open door here.
There is a staircase leading out of the dungeon here.
You can't go down here!
Unknown command.
Unknown command.
You have escaped!

....# #.########.#.#
############.# #.#.#
####......÷..# #.#.#
..##.######..# #÷#.#
..##.# #..# #...# .....#
####..##########.# ..####
#.......#.....##.# ..#
#.##..###.....#..# .##
#.##..# #@.8..'..#########
.# #.##..#
#.....##.......... >#
#.##..# #.....##........).
.#####
#.##..##########..########
.....# #.....##..........#
.###.# ####.###.#######..#
.# #.# #.# #.# #..# .# #.#
#.# #.# #..######## .# #.#
#.# #.# #..........


There were no monsters in sight!

Vanquished Creatures
  6 orbs of fire
  6 juggernauts
  11 ancient liches
  10 greater mummies
  4 curse toes
  Xtahua (Vaults:4)
  4 shard shrikes (Zig:12)
  Saint Roka (Snake:4)
  7 Killer Klowns
  16 caustic shrikes
  A profane servitor (Crypt:3)
  the Enchantress (Depths:1)
  6 golden dragons
  Jory (Crypt:3)
  A pearl dragon (Zig:6)
  7 bone dragons
  2 iron giants (Zig:22)
  3 electric golems
  4 pandemonium lords
  21 tentacled monstrosities
  Jorgrun (Elf:1)
  7 liches
  A Hell Sentinel (Zig:15)
  25 Orb Guardians
  An Ice Fiend (Zig:12)
  Asterion (Snake:4)
  8 quicksilver dragons
  Rupert (Orc:2)
  2 deep elf blademasters (Elf:3)
  16 titans
  14 death cobs
  A deep elf master archer (Elf:3)
  6 acid blobs
  11 sphinxes
  5 ancient champions
  2 Executioners
  13 tentacled starspawn
  3 thorn hunters
  4 tengu reavers
  A daeva (Zig:6)
  7 draconian monks
  6 revenants
  10 shadow dragons
  16 storm dragons
  Donald (Elf:1)
  37 nagarajas
  An azure jelly (shapeshifter) (Zig:20)
  2 azure jellies
  Roxanne (Snake:3)
  18 fire giants
  18 frost giants
  5 draconian knights
  3 ghost moths (Zot:4)
  19 vault wardens
  2 iron dragons (Vaults:5)
  2 orc warlords
  4 draconian scorchers
  14 draconian shifters
  6 deep elf sorcerers
  Aizul (Snake:3)
  6 curse skulls
  16 ironheart preservers
  4 warmongers (Zig:15)
  3 draconian stormcallers
  6 deep elf elementalists
  9 ghouls
  5 spriggan defenders
  2 angels
  6 reapers
  26 very ugly things
  4 ophanim
  8 draconian annihilators
  An entropy weaver (Vaults:4)
  2 war gargoyles (Vaults:5)
  2 juggernaut skeletons
  An apis (Zig:6)
  44 stone giants
  11 deep elf demonologists
  17 green draconians
  2 bennus (Zig:16)
  49 starcursed masses
  A lorocyproca (D:15)
  18 black draconians
  13 vampire knights
  12 white draconians
  A black sun (Zig:15)
  2 corrupters
  The ghost of Orauxkutt the Nimble, a journeyman SpBe of Trog (Depths:5)
  A minotaur (Gauntlet)
  14 yellow draconians
  11 purple draconians
  15 spark wasps
  Azrael (Snake:3)
  3 green deaths
  7 deep elf annihilators
  11 red draconians
  A spectral quicksilver dragon (Crypt:3)
  2 merfolk javelineers (Zig:14)
  10 blizzard demons
  7 eidola
  Snorg (Lair:6)
  13 deep elf death magi
  14 yaktaur captains
  21 ettins
  A death ooze (Zig:11)
  23 jiangshi
  5 deep elf high priests
  5 fire dragons
  2 mummy priests
  30 ogre magi
  18 naga warriors
  3 hell beasts (Zig:15)
  12 great orbs of eyes
  34 vault guards
  9 rakshasas
  A caustic shrike simulacrum (Zig:12)
  10 ice dragons
  24 hydras
  7 spriggan air magi
  3 ghost crabs
  2 shambling mangroves
  14 anacondas
  8 centaur warriors
  3 catoblepae (Lair:6)
  8 death knights
  29 dancing weapons
  11 death yaks
  A death yak (shapeshifter) (Vaults:5)
  6 alligators
  2 satyrs (Zig:14)
  10 deep troll earth magi
  4 deep troll shamans
  9 tengu warriors
  82 two-headed ogres
  8 death scarabs
  5 spriggan berserkers
  13 vampire magi
  18 naga sharpshooters
  14 thrashing horrors
  2 orc high priests
  A titan zombie (Crypt:2)
  17 shock serpents
  13 hell knights
  2 sun demons (Depths:5)
  A fire crab (shapeshifter) (Depths:4)
  8 wretched stars
  3 soul eaters (Crypt:2)
  An iron troll (shapeshifter) (Zig:20)
  25 deep elf knights
  A fire crab (Lair:6)
  8 sixfirhies
  28 skeletal warriors
  5 salamander mystics
  3 shadow demons (Abyss:3)
  8 shadow wraiths
  4 unseen horrors
  4 glowing orange brains
  2 iron trolls (Depths:3)
  12 flayed ghosts
  2 cherubim (Abyss:3)
  A glowing orange brain (shapeshifter) (Vaults:4)
  6 spatial maelstroms
  A storm dragon skeleton (Zig:13)
  2 spriggan druids (Swamp:4)
  10 sea snakes
  A golden dragon zombie (Zig:10)
  22 deep trolls
  17 deep elf archers
  A torturous demonspawn (Abyss:3)
  6 wizards
  11 orange crystal statues
  4 obsidian statues
  9 swamp dragons
  11 naga ritualists
  A sphinx zombie (Zig:16)
  3 golden dragon skeletons
  4 harpies
  9 phantasmal warriors
  38 large abominations
  11 orc knights
  13 necromancers
  18 mana vipers
  16 ironbrand convokers
  A lindwurm (Lair:6)
  A tengu skeleton (Vaults:4)
  32 ugly things
  14 cyclopes
  An orc sorcerer (Vaults:5)
  2 wolf spider zombies
  5 oklob plants
  4 shining eyes (Zig:11)
  A shining eye (shapeshifter) (Vaults:5)
  A manticore (shapeshifter) (Zig:17)
  2 manticores (Lair:6)
  2 fauns (Zig:14)
  5 wolf spiders
  3 shadow dragon skeletons
  5 worldbinders
  13 salamanders
  A fire giant zombie (Zig:10)
  76 deep elf magi
  A rust devil (Abyss:3)
  2 black mambas (shapeshifter)
  A guardian serpent (shapeshifter) (Vaults:2)
  20 guardian serpents
  2 centaur zombies
  6 elephants
  42 naga magi
  17 moths of wrath
  A fire giant skeleton (Crypt:2)
  A stone giant skeleton (Vaults:4)
  A shock serpent zombie (Crypt:2)
  15 vault sentinels
  57 black mambas
  2 eyes of devastation
  A gargoyle (D:12)
  8 smoke demons
  15 spiny frogs
  4 apocalypse crabs
  3 ice statues
  A hellion (Depths:5)
  2 orange demons (Zig:15)
  2 dire elephant skeletons
  2 centaur skeletons
  A torpor snail (Lair:5)
  5 rime drakes
  An anaconda simulacrum (Abyss:3)
  A kobold demonologist (D:13)
  A yellow draconian zombie (Crypt:1)
  2 efreet
  6 freezing wraiths
  8 komodo dragons
  A yaktaur (shapeshifter) (Abyss:3)
  40 yaktaurs
  9 ice devils
  3 yaktaur skeletons
  2 hellwings
  A redback zombie (D:15)
  2 demonic crawlers (Abyss:3)
  14 trolls
  25 guardian mummies
  11 ancient zymes
  4 tengu conjurers
  A sea snake skeleton (Crypt:1)
  2 meliai (shapeshifter)
  3 meliai (D:13)
  12 polar bears
  5 tyrant leeches
  15 raiju
  A queen bee (shapeshifter) (Depths:4)
  27 hornets
  A jumping spider (shapeshifter) (Vaults:3)
  A hornet (shapeshifter) (Depths:4)
  A raiju (shapeshifter) (Vaults:1)
  A sphinx simulacrum (Vaults:2)
  17 blink frogs
  45 slime creatures
  15 bog bodies
  11 hippogriffs
  A guardian serpent zombie (Crypt:1)
  2 fire giant simulacra
  A frost giant simulacrum (Vaults:4)
  2 hippogriffs (shapeshifter)
  54 flying skulls
  A fire dragon skeleton (Crypt:2)
  An air elemental (Elf:2)
  A human simulacrum (Vaults:2)
  A centaur simulacrum (D:14)
  6 redbacks
  3 shadows
  3 yaks (shapeshifter)
  Sigmund (D:2)
  15 spriggans
  8 ushabtiu
  23 small abominations
  A wyvern (shapeshifter) (Zig:17)
  An ettin skeleton (Vaults:1)
  A tarantella (shapeshifter) (Zig:20)
  4 vampires
  6 ynoxinuls
  12 wraiths
  5 fire elementals
  3 wyverns
  4 hogs (D:8)
  5 water elementals
  A human (shapeshifter) (Depths:1)
  A human (D:8)
  6 basilisks
  6 neqoxecs
  59 yaks
  An elf simulacrum (Vaults:5)
  23 vampire mosquitoes
  12 chaos spawn
  4 elf skeletons
  Menkaure (D:6)
  11 wargs
  16 swamp worms
  82 nagas
  21 insubstantial wisps
  21 water moccasins
  2 hydra simulacra
  12 spatial vortices
  9 porcupines
  10 hell hounds
  2 monstrous demonspawn zombies (Crypt:2)
  3 soldier ants
  3 acid dragons
  35 orc warriors
  A black bear (shapeshifter) (Vaults:3)
  3 ice beasts
  16 swamp drakes
  An eye of draining (shapeshifter) (D:14)
  3 eyes of draining
  7 necrophages
  A spiny frog skeleton (Crypt:1)
  2 black bears (D:6)
  A hornet zombie (Crypt:2)
  64 ogres
  4 sky beasts
  2 phantoms
  22 wolves
  2 human skeletons
  14 boggarts
  A tengu (shapeshifter) (Zig:17)
  A crocodile (shapeshifter) (Elf:2)
  10 centaurs
  14 crocodiles
  6 elf zombies
  13 bullfrogs
  3 big kobolds
  A gnoll sergeant (D:8)
  A glowing shapeshifter simulacrum (Vaults:4)
  5 earth elementals
  5 scorpions
  A water moccasin skeleton (D:5)
  A troll zombie (Crypt:2)
  16 killer bees
  6 wights
  3 howler monkeys
  3 electric eels
  A lava snake (D:7)
  A basilisk zombie (Crypt:1)
  5 crimson imps
  A quasit (D:7)
  2 bullfrog zombies
  7 hounds
  2 gnoll shamans
  2 human zombies
  6 jellies
  29 orc priests
  27 orc wizards
  A bullfrog skeleton (D:12)
  An iron imp (Abyss:3)
  16 worker ants
  6 iguanas
  A yak simulacrum (Lair:4)
  3 polar bear simulacra (Lair:4)
  2 wolf simulacra (Lair:4)
  A dwarf zombie (Crypt:2)
  A big kobold zombie (Ossuary)
  An ogre zombie (Crypt:2)
  A naga skeleton (Crypt:1)
  A demigod skeleton (Crypt:2)
  A dwarf skeleton (Crypt:2)
  2 hound zombies
  5 hound skeletons
  29 mummies
  A howler monkey zombie (D:8)
  Robin (D:2)
  25 gnolls
  A howler monkey skeleton (D:7)
  15 adders
  A swamp drake skeleton (Crypt:1)
  5 white imps
  7 ufetubi
  3 adder zombies
  An adder skeleton (D:4)
  2 worms
  6 dart slugs
  4 leopard geckos
  112 orcs
  4 giant cockroaches
  A gnoll zombie (Ossuary)
  21 goblins
  16 hobgoblins
  13 jackals
  24 kobolds
  5 quokkas
  3 ball pythons
  16 bats
  A frilled lizard (D:1)
  A goblin zombie (Ossuary)
  2 jackal zombies (Ossuary)
  A kobold zombie (Ossuary)
  A leopard gecko skeleton (D:8)
  An orc zombie (Ossuary)
  8 rats
  A rat zombie (Ossuary)
  5 river rat simulacra (Lair:4)
  3 briar patches (Swamp:3)
  3 bushes
  5 crawling corpses
  2 fungi
  A lurking horror (Abyss:2)
  8 plants
  17 starspawn tentacles
3523 creatures vanquished.

Vanquished Creatures (collateral kills)
  A pandemonium lord (Zig:15)
  A greater mummy (Zig:16)
  Boris (Depths:4)
  the Lernaean hydra (Swamp:4)
  2 bone dragons (Zig:18)
  A pearl dragon (Zig:6)
  A lich (Zig:18)
  A tentacled monstrosity (Zot:1)
  An Orb Guardian (Zot:5)
  A quicksilver dragon (Zot:4)
  A death cob (Zot:1)
  2 revenants (Zig:18)
  A draconian monk (Zot:4)
  A daeva (Zig:6)
  Louise (Snake:3)
  A curse skull (Zig:18)
  A black sun (Zig:15)
  A blizzard demon (Zig:15)
  An eidolon (Zig:18)
  A mummy priest (Zig:16)
  2 deep troll earth magi
  A naga sharpshooter (Snake:3)
  2 deep trolls (Depths:4)
  A flayed ghost (Zig:18)
  An ugly thing (Zig:20)
  2 moths of wrath
  A smoke demon (Zig:15)
  A tormentor (Zig:15)
  A hellwing (Zig:15)
  A guardian mummy (Zot:4)
  A hornet (Depths:3)
  A spriggan (Depths:3)
  An ushabti (Zig:16)
  A naga (Snake:3)
  A mummy (Zig:16)
40 creatures vanquished.

Vanquished Creatures (others)
  3 deep elf master archers
  A nagaraja (Zig:19)
  A black draconian (Zot:4)
  A blizzard demon (Zig:12)
  5 yaktaur captains
  A two-headed ogre (Vaults:1)
  A centaur warrior (Vaults:1)
  A satyr (Zig:14)
  2 deep elf knights
  3 naga sharpshooters
  A storm dragon skeleton (Zig:13)
  A deep elf archer (Elf:3)
  3 deep elf magi
  A cyclops (Vaults:2)
  10 yaktaurs
  A polar bear (IceCv)
  A bog body (Swamp:4)
  A naga (Zig:19)
  2 orc warriors
  2 ogres
  4 centaurs
  A small abomination (Abyss:3)
  3 orcs
  9 kobolds (Bailey)
  3 briar patches (Swamp:4)
  13 fungi
  A lurking horror (Abyss:3)
  8 plants
  21 starspawn tentacles (Abyss:3)
105 creatures vanquished.

Grand Total: 3668 creatures vanquished

Notes
Turn   | Place    | Note
-------+----------+-------------------------------------------
     0 | D:1      | Goomeeoh the Gargoyle Fighter began the quest for the Orb.
     0 | D:1      | Reached XP level 1. HP: 14/14 MP: 1/1
   242 | D:1      | Reached XP level 2. HP: 19/19 MP: 2/2
   587 | D:1      | Reached XP level 3. HP: 14/23 MP: 3/3
  1044 | D:2      | Noticed Robin
  1078 | D:2      | Killed Robin
  1088 | D:2      | Reached XP level 4. HP: 27/29 MP: 4/4
  1154 | D:2      | Noticed Sigmund
  1396 | D:2      | Found a blossoming altar of Fedhas.
  1484 | D:2      | Killed Sigmund
  1484 | D:2      | Reached skill level 1 in Throwing
  1484 | D:2      | Reached XP level 5. HP: 17/33 MP: 5/5
  1674 | D:2      | Reached XP level 6. HP: 38/38 MP: 6/6
  2755 | D:3      | Reached skill level 4 in Fighting
  3722 | D:4      | Reached skill level 5 in Shields
  3722 | D:4      | Reached XP level 7. HP: 43/43 MP: 7/7
  4792 | D:4      | Reached XP level 8. HP: 48/48 MP: 8/8
  4940 | D:5      | Entered Level 5 of the Dungeon
  4942 | D:5      | Found a radiant altar of Vehumet.
  4960 | D:5      | Reached skill level 5 in Armour
  5118 | D:5      | Found a shimmering altar of Xom.
  5119 | D:5      | Found an iron altar of Okawaru.
  5120 | D:5      | Found a sparkling altar of Nemelex Xobeh.
  5234 | D:5      | Reached skill level 5 in Axes
  5390 | D:5      | Got a fine war axe
  5391 | D:5      | Identified the +4 war axe of the Firefly {elec, +Rage rPois
                  | rC+} (You found it on level 5 of the Dungeon)
  5499 | D:5      | Got a crude hunting sling
  5500 | D:5      | Identified the cursed +3 hunting sling "Orink" {flame,
                  | rPois Stlth+} (You found it on level 5 of the Dungeon)
  5677 | D:6      | Found Qoesmy's Jewellery Shop.
  5772 | D:6      | Found a basalt altar of Yredelemnul.
  5792 | D:6      | Reached skill level 1 in Evocations
  5815 | D:6      | Found Befucw's Book Boutique.
  5825 | D:6      | Noticed Menkaure
  5842 | D:6      | Killed Menkaure
  6102 | D:6      | Found a glowing golden altar of the Shining One.
  6104 | D:6      | Noticed an angel
  6149 | D:6      | Found a hazy altar of Hepliaklqana.
  6304 | D:6      | Found Waonyros's General Store.
  6381 | D:6      | Reached skill level 5 in Fighting
  6500 | D:7      | Found a sand-covered staircase.
  6510 | D:7      | Reached XP level 9. HP: 52/54 MP: 10/10
  6520 | Ossuary  | Entered an ossuary
  6755 | D:7      | Found a hide-covered altar of Uskayaw.
  7386 | D:7      | Found a staircase to the Ecumenical Temple.
  7392 | Temple   | Entered the Ecumenical Temple
  7904 | D:6      | Became a worshipper of the Shining One
  8268 | D:6      | Bought a +4 amulet of reflection for 297 gold pieces
  8351 | D:8      | Found a stormy altar of Qazlal.
  8428 | D:8      | Noticed a two-headed ogre
  8450 | D:8      | Killed a two-headed ogre
  8450 | D:8      | Reached skill level 6 in Fighting
  8450 | D:8      | Reached XP level 10. HP: 20/60 MP: 11/13
  8781 | D:8      | Found a sacrificial altar of Ru.
  8781 | D:8      | Found a shattered altar of Ashenzari.
  8920 | D:8      | Reached * piety under the Shining One
  8929 | D:8      | Reached skill level 5 in Evocations
  9071 | D:9      | Found a staircase to the Lair.
  9295 | D:9      | Found a transporter.
  9303 | D:9      | Noticed Yorgos's ghost (novice DsAK)
  9304 | D:9      | Found a transporter.
  9311 | D:9      | Identified the +2 dire flail of Sytedi {freeze, rC+}
  9311 | D:9      | Identified the +6 dire flail "Kuteklubb" {venom, *Slow
                  | Str+3}
  9311 | D:9      | Noticed a two-headed ogre
  9312 | D:9      | Noticed a two-headed ogre
  9516 | D:9      | Reached skill level 5 in Throwing
  9670 | D:9      | Reached XP level 11. HP: 64/66 MP: 15/15
  9788 | D:10     | Entered Level 10 of the Dungeon
  9859 | D:10     | Noticed a two-headed ogre
  9909 | D:10     | Killed a two-headed ogre
  9923 | D:10     | Gained mutation: Potions are less effective at restoring
                  | your health. [potion of mutation]
  9923 | D:10     | Gained mutation: You are agile. (Dex +2) [potion of
                  | mutation]
 10023 | D:10     | Found a portal to a secret trove of treasure.
 10112 | D:10     | Found a staircase to the Orcish Mines.
 10152 | D:10     | Reached ** piety under the Shining One
 10166 | D:10     | Noticed a two-headed ogre
 10174 | D:10     | Killed a two-headed ogre
 10691 | D:11     | Reached skill level 7 in Fighting
 10879 | D:11     | Noticed a red ugly thing
 10887 | D:11     | Killed a red ugly thing
 10914 | D:11     | Found a flagged portal.
 10938 | Bailey   | Entered a bailey
 10961 | Bailey   | Noticed an orc warlord
 11089 | Bailey   | Found a runed translucent gate.
 11090 | Bailey   | Found a runed translucent gate.
 11091 | Bailey   | Found a runed translucent gate.
 11218 | Bailey   | Killed an orc warlord
 11343 | Bailey   | Reached skill level 8 in Fighting
 11343 | Bailey   | Reached skill level 10 in Axes
 11343 | Bailey   | Reached skill level 10 in Shields
 11343 | Bailey   | Reached XP level 12. HP: 73/73 MP: 16/16
 11351 | Bailey   | Identified a scroll of acquirement
 11508 | D:11     | Noticed a two-headed ogre
 11605 | D:11     | Killed a two-headed ogre
 11662 | D:11     | Found a roughly hewn altar of Beogh.
 12484 | D:12     | Reached XP level 13. HP: 78/78 MP: 17/17
 12863 | D:12     | Reached *** piety under the Shining One
 13605 | D:12     | You fall into a shaft and drop 3 floors!
 13605 | D:15     | Entered Level 15 of the Dungeon
 13662 | D:14     | Reached skill level 10 in Armour
 14674 | D:13     | Reached **** piety under the Shining One
 15521 | D:13     | Reached skill level 9 in Fighting
 15677 | D:14     | Found a gate to the Vaults.
 15677 | D:14     | Noticed a vault guard
 15677 | D:14     | Reached ***** piety under the Shining One
 15677 | D:14     | Noticed a vault guard
 15677 | D:14     | Noticed a vault guard
 15679 | D:14     | Noticed a vault guard
 15702 | D:14     | Killed a vault guard
 15705 | D:14     | Killed a vault guard
 15705 | D:14     | Gained mutation: Your large and strong wings let you fly
                  | indefinitely. [Gargoyle growth]
 15705 | D:14     | Reached XP level 14. HP: 86/86 MP: 19/19
 16123 | D:15     | Lost mutation: You are agile. (Dex +2) [potion of mutation]
 16123 | D:15     | Gained mutation: You are partially covered in slimy green
                  | scales. (AC +2) [potion of mutation]
 16721 | D:15     | Found a staircase to the Depths.
 16729 | D:15     | Reached skill level 5 in Invocations
 16858 | D:15     | Lost mutation: Potions are less effective at restoring your
                  | health. [potion of mutation]
 16858 | D:15     | Gained mutation: You can translocate small distances at
                  | will. [potion of mutation]
 16858 | D:15     | Gained mutation: Your flesh is cold resistant. (rC+)
                  | [potion of mutation]
 17261 | Lair:1   | Entered Level 1 of the Lair of Beasts
 17377 | Lair:1   | Found a hide-covered altar of Uskayaw.
 17615 | Lair:1   | Reached skill level 10 in Fighting
 18590 | Lair:2   | Reached XP level 15. HP: 81/92 MP: 21/21
 19750 | Lair:4   | Found a staircase to the Snake Pit.
 20060 | Lair:4   | Reached ****** piety under the Shining One
 20327 | Lair:4   | Found a staircase to the Swamp.
 20743 | Lair:5   | Found a gate leading to a gauntlet.
 20757 | Gauntlet | Entered a Gauntlet
 20757 | Gauntlet | Found a large runed translucent door.
 20757 | Gauntlet | Found a large runed translucent door.
 20757 | Gauntlet | Found a large runed translucent door.
 20757 | Gauntlet | Found a large runed translucent door.
 20757 | Gauntlet | Found a large runed translucent door.
 20757 | Gauntlet | Found a large runed translucent door.
 20757 | Gauntlet | Found a runed translucent door.
 20757 | Gauntlet | Found a transporter.
 20757 | Gauntlet | Found a transporter.
 20757 | Gauntlet | Found a runed translucent door.
 20757 | Gauntlet | Found a large runed translucent door.
 20757 | Gauntlet | Found a large runed translucent door.
 20757 | Gauntlet | Found a large runed translucent door.
 20757 | Gauntlet | Found a large runed translucent door.
 20757 | Gauntlet | Found a large runed translucent door.
 20757 | Gauntlet | Found a large runed translucent door.
 20761 | Gauntlet | Found a transporter.
 20761 | Gauntlet | Found a transporter.
 20778 | Gauntlet | Found a transporter.
 20778 | Gauntlet | Found a transporter.
 20787 | Gauntlet | Found a transporter.
 20787 | Gauntlet | Found a transporter.
 20790 | Gauntlet | Found the +0 Maxwell's etheric cage {RegenMP+ *Contam rElec
                  | MP+4}
 20801 | Gauntlet | Found a large runed translucent door.
 20802 | Gauntlet | Found a large runed translucent door.
 20805 | Gauntlet | Found a runed translucent gate.
 20805 | Gauntlet | Found a runed translucent gate.
 20806 | Gauntlet | Found a runed translucent gate.
 20808 | Gauntlet | Found a large runed translucent door.
 20809 | Gauntlet | Found a large runed translucent door.
 20814 | Gauntlet | Found a transporter.
 20837 | Gauntlet | Found a transporter.
 20862 | Gauntlet | Found a transporter.
 20885 | Gauntlet | Found a transporter.
 20959 | Gauntlet | Got a slimy pewter amulet
 20959 | Gauntlet | Got a fine lead ring
 20992 | Lair:5   | Found a frozen archway.
 21001 | IceCv    | Entered an ice cave
 21002 | IceCv    | Identified the amulet of Xuraisom {RegenMP Str+6 Int+4
                  | Stlth+} (You found it in a Gauntlet)
 21003 | IceCv    | Identified the ring "Oladeb" {rF+ MR+ Dex+4} (You found it
                  | in a Gauntlet)
 21285 | IceCv    | Reached skill level 15 in Shields
 21588 | IceCv    | Noticed a frost giant
 21608 | IceCv    | Reached skill level 11 in Fighting
 21613 | IceCv    | Killed a frost giant
 21840 | IceCv    | Identified Pakotey's Reference Book on Feathers
 23027 | Lair:5   | Found a viscous altar of Jiyva.
 23027 | Lair:5   | Found a staircase to the Slime Pits.
 23166 | Lair:6   | Entered Level 6 of the Lair of Beasts
 23175 | Lair:6   | Reached XP level 16. HP: 97/100 MP: 22/22
 23393 | Lair:6   | Noticed Snorg
 23405 | Lair:6   | Killed Snorg
 24896 | Orc:1    | Entered Level 1 of the Orcish Mines
 24896 | Orc:1    | Found a runed translucent door.
 24907 | Orc:1    | Found the +10 large shield of Ignorance {rN+ Int-4}
 25032 | Orc:1    | Found a runed translucent door.
 25178 | Orc:2    | Entered Level 2 of the Orcish Mines
 25221 | Orc:2    | Noticed Rupert
 25222 | Orc:2    | Found a staircase to the Elven Halls.
 25251 | Orc:2    | Killed Rupert
 25672 | Orc:2    | Found Syagh's Distillery.
 25676 | Orc:2    | Found Wicucosa's Antique Armour Shop.
 25725 | Orc:2    | Bought 2 potions of heal wounds for 150 gold pieces
 25725 | Orc:2    | Bought a potion of heal wounds for 75 gold pieces
 25805 | Orc:2    | Reached skill level 12 in Fighting
 25876 | Orc:2    | Found Xofeotzi's General Store.
 25876 | Orc:2    | Found Ratz's Armour Shop.
 25877 | Orc:2    | Found Jaju Ule's Weapon Boutique.
 25877 | Orc:2    | Found Yvogoemy's General Store.
 26053 | Orc:2    | Found Guriog's Magic Scroll Shop.
 26054 | Orc:2    | Found Kodod's Gadget Boutique.
 26162 | Orc:2    | Bought the +3 pair of gauntlets of War {Slay+5} for 1330
                  | gold pieces
 26162 | Orc:2    | Found the +3 pair of gauntlets of War {Slay+5}
 26231 | Orc:2    | Bought a scroll of teleportation for 51 gold pieces
 26231 | Orc:2    | Bought a scroll of teleportation for 51 gold pieces
 26277 | Orc:1    | Reached XP level 17. HP: 75/106 MP: 23/23
 26711 | D:10     | You paid a toll of 15 scrolls of teleportation to enter a
                  | treasure trove
 26712 | Trove    | Entered a treasure trove
 26733 | Trove    | Found the +10 morningstar "Eos" {elec, Halo rElec}
 26735 | Trove    | Got a pitted broad axe
 26736 | Trove    | Identified the +0 broad axe of Quick Death {venom, rN+
                  | Str-4 Int+2} (You found it in a treasure trove)
 26764 | Trove    | Found the cursed +14 obsidian axe {chop, +Fly SInv *Curse}
 26774 | Trove    | Found the +8 arc blade {discharge, rElec}
 26986 | Snake:1  | Entered Level 1 of the Snake Pit
 28465 | Snake:2  | Reached skill level 13 in Fighting
 29072 | Snake:3  | Noticed Louise
 29099 | Snake:3  | Killed Louise
 29274 | Snake:3  | Noticed Azrael
 29295 | Snake:3  | Killed Azrael
 29340 | Snake:3  | Noticed Aizul
 29349 | Snake:3  | Killed Aizul
 29349 | Snake:3  | Reached XP level 18. HP: 107/114 MP: 25/25
 29378 | Snake:3  | Noticed Roxanne
 29403 | Snake:3  | Killed Roxanne
 29403 | Snake:3  | Reached skill level 10 in Invocations
 29900 | Snake:4  | Entered Level 4 of the Snake Pit
 30038 | Snake:4  | Noticed Asterion
 30064 | Snake:4  | Killed Asterion
 30740 | Snake:4  | Noticed Saint Roka
 30756 | Snake:4  | Killed Saint Roka
 31387 | Snake:4  | Reached skill level 14 in Fighting
 31573 | Snake:4  | Reached skill level 15 in Axes
 31900 | Snake:4  | Got a serpentine rune of Zot
 31967 | Snake:4  | Reached XP level 19. HP: 119/122 MP: 26/26
 31990 | Snake:4  | Upgraded the game from 0.25-a0-58-g9dd530fc12 to
                  | 0.25-a0-59-gf342c8b036
 32111 | Swamp:1  | Entered Level 1 of the Swamp
 33986 | Swamp:4  | Entered Level 4 of the Swamp
 34202 | Swamp:4  | Reached skill level 15 in Fighting
 34223 | Swamp:4  | Noticed the 27-headed Lernaean hydra
 34229 | Swamp:4  | Killed the 27-headed Lernaean hydra
 34280 | Swamp:4  | Got a decaying rune of Zot
 34289 | Swamp:4  | Got a brightly glowing large shield
 34290 | Swamp:4  | Identified the +8 large shield "Moevecy" {rN+ Int+2} (You
                  | acquired it on level 4 of the Swamp)
 35213 | Vaults:1 | Entered Level 1 of the Vaults
 35364 | Vaults:1 | Reached XP level 20. HP: 129/129 MP: 27/27
 35582 | Vaults:1 | Identified the +6 war axe "Rov Puri" {chop, Dex+6} (You
                  | found it on level 1 of the Vaults)
 36160 | Vaults:1 | Reached skill level 15 in Armour
 36172 | Vaults:1 | Reached skill level 16 in Fighting
 36586 | Vaults:2 | Found Vacee's Assorted Antiques.
 37062 | Vaults:2 | You are sucked into a shaft and drop 1 floor!
 37072 | Vaults:3 | Found a staircase to the Crypt.
 37072 | Vaults:3 | Found an ancient bone altar of Kikubaaqudgha.
 37073 | Vaults:3 | Found a basalt altar of Yredelemnul.
 37137 | Vaults:3 | Found Ritz's Weapon Emporium.
 37237 | Vaults:2 | Reached XP level 21. HP: 100/137 MP: 28/28
 37259 | Vaults:2 | Got a fine silver ring
 37289 | Vaults:2 | Identified the ring "Woumapuo" {*Tele Str+4} (You found it
                  | on level 2 of the Vaults)
 37904 | Vaults:3 | Identified the +1 ring mail of Okawaru's Pride {Str+8
                  | Stlth+} (You found it on level 3 of the Vaults)
 38127 | Vaults:3 | Found Hediagecw's Armour Shoppe.
 38269 | Vaults:3 | Found Ipobippa's General Store.
 38465 | Vaults:3 | Found a large runed translucent door.
 38465 | Vaults:3 | Found a large runed translucent door.
 38465 | Vaults:3 | Noticed Wakhat's ghost (adept MiFi)
 38465 | Vaults:3 | Noticed Xeplikar's ghost (adept GnWn)
 38892 | Vaults:4 | Reached skill level 17 in Fighting
 39051 | Vaults:4 | Found Ojuiho's Food Shoppe.
 39841 | Vaults:5 | Entered Level 5 of the Vaults
 39844 | Vaults:5 | Noticed Xtahua
 40007 | Vaults:4 | Reached XP level 22. HP: 71/145 MP: 29/29
 40914 | Vaults:4 | Reached skill level 18 in Fighting
 40951 | Vaults:4 | Killed Xtahua
 41098 | Vaults:5 | Noticed an ancient lich
 41123 | Vaults:5 | Killed an ancient lich
 41177 | Vaults:5 | Identified the +2 pair of boots "Ibeuc" {MP+9 Stlth+} (You
                  | found it on level 5 of the Vaults)
 41264 | Vaults:5 | Identified the +6 great sword "Fafidacwa" {slice, Str+3}
 41264 | Vaults:5 | Identified the ring "Pippec" {rElec rF+ rCorr Int-5 Dex+2}
 41332 | Vaults:5 | Got a silver rune of Zot
 41346 | Vaults:5 | Identified the +7 fustibalus "Ewkogigg" {freeze, rC+ Int+7
                  | Dex+2} (You found it on level 5 of the Vaults)
 41495 | Vaults:5 | Reached XP level 23. HP: 51/153 MP: 30/30
 41497 | Vaults:5 | Identified the cursed +2 war axe "Killer Bee's Bane"
                  | {venom, *Rage +Blink rElec Stlth-}
 41831 | Vaults:5 | Identified the ring of Fillaotois {rN+ MP+9 Int+6}
 42192 | Vaults:5 | Reached skill level 19 in Fighting
 42426 | Vaults:5 | Identified the +0 pair of boots of Noughts and Crosses
                  | {rElec} (You acquired it on level 5 of the Vaults)
 42690 | Crypt:1  | Entered Level 1 of the Crypt
 44560 | Crypt:2  | Reached skill level 20 in Fighting
 44748 | Crypt:3  | Entered Level 3 of the Crypt
 44900 | Crypt:3  | Identified the +2 leather armour of Tender Moments {*Drain
                  | rElec rPois}
 44924 | Crypt:3  | Found an ancient bone altar of Kikubaaqudgha.
 44941 | Crypt:3  | Reached XP level 24. HP: 163/163 MP: 30/30
 45190 | Crypt:3  | Found a staircase to the Tomb.
 45190 | Crypt:3  | Noticed Jory
 45211 | Crypt:3  | Killed Jory
 45231 | Crypt:3  | Got a shimmering steel ring
 45232 | Crypt:3  | Identified the ring "Huuhoer" {*Drain rF+ rN+ Dex+8 SInv}
                  | (You found it on level 3 of the Crypt)
 45236 | Crypt:3  | Got a smoking brass ring
 45238 | Crypt:3  | Identified the ring "Reobbey" {rC++ rN+ Dex-2} (You found
                  | it on level 3 of the Crypt)
 45711 | Crypt:3  | Reached skill level 21 in Fighting
 46146 | Elf:1    | Entered Level 1 of the Elven Halls
 46301 | Elf:1    | Noticed Jorgrun
 46313 | Elf:1    | Killed Jorgrun
 46371 | Elf:1    | Noticed Donald
 46380 | Elf:1    | Killed Donald
 46601 | Elf:1    | Identified Joveus's Collected Works on Black Magic
 46958 | Elf:2    | Found Vulouk's Antique Armour Shoppe.
 47175 | Elf:2    | Reached skill level 22 in Fighting
 47578 | Elf:2    | Found a huge runed translucent gate.
 47578 | Elf:2    | Found a huge runed translucent gate.
 47578 | Elf:2    | Found a huge runed translucent gate.
 47580 | Elf:2    | Found a huge runed translucent gate.
 47582 | Elf:2    | Found a huge runed translucent gate.
 47640 | Elf:2    | Reached XP level 25. HP: 173/173 MP: 30/30
 47946 | Elf:3    | Entered Level 3 of the Elven Halls
 48673 | Elf:3    | Reached skill level 23 in Fighting
 48842 | Elf:3    | Identified the +3 spear of Eternity {drain, +Inv rPois rN+
                  | SInv}
 48864 | Elf:3    | Identified the Papyrus of Dusty Aid
 48882 | Elf:3    | Identified the Handbook of Calling and Envenoming
 49026 | Elf:3    | Identified the +1 robe of Altruism {Str+4}
 49608 | Depths:1 | Entered Level 1 of the Depths
 49637 | Depths:1 | Learned a level 2 spell: Passwall
 49899 | Depths:1 | Noticed the Enchantress
 49907 | Depths:1 | Killed the Enchantress
 50023 | Depths:1 | Found a one-way gate to the infinite horrors of the Abyss.
 50113 | Depths:1 | Reached skill level 10 in Throwing
 50176 | Depths:1 | Found a gateway to Hell.
 50860 | Depths:2 | Found a gateway to a ziggurat.
 51066 | Depths:2 | Reached XP level 26. HP: 184/184 MP: 30/30
 51163 | Depths:2 | Reached skill level 24 in Fighting
 51701 | Depths:2 | Reached skill level 25 in Fighting
 52031 | Depths:2 | Identified the cursed +3 hand axe of the Enemy {venom,
                  | -Tele +Fly rElec Str+6}
 52544 | Depths:3 | Found a one-way gate leading to the halls of Pandemonium.
 52661 | Depths:3 | Reached XP level 27. HP: 186/195 MP: 30/30
 52740 | Depths:3 | Reached skill level 26 in Fighting
 53034 | Depths:3 | Identified the +1 pair of gloves of the Unseen Realm {+Fly
                  | MP-9 Int-2 Dex+8} (You found it on level 3 of the Depths)
 53565 | Depths:4 | Noticed Boris
 53573 | Depths:4 | Killed Boris
 53753 | Depths:4 | Noticed a juggernaut
 53778 | Depths:4 | Killed a juggernaut
 53995 | Depths:4 | Reached skill level 27 in Fighting
 54057 | Depths:4 | Found Xyrez's Weapon Shop.
 54065 | Depths:4 | Bought the +10 broad axe of Oruteuz {chop, rPois rC+ Int+4
                  | Dex+4} for 1820 gold pieces
 54842 | Depths:5 | Entered Level 5 of the Depths
 54922 | Depths:5 | Found a runed translucent gate.
 54923 | Depths:5 | Found a runed translucent gate.
 54924 | Depths:5 | Found a runed translucent gate.
 54936 | Depths:5 | Reached skill level 1 in Earth Magic
 54938 | Depths:5 | Noticed Orauxkutt's ghost (journeyman SpBe)
 55028 | Depths:5 | Reached skill level 1 in Spellcasting
 55038 | Depths:5 | Reached skill level 1 in Transmutations
 55330 | Depths:5 | Found a gate to the Realm of Zot.
 55832 | Depths:5 | Identified the Papyrus of Creative Confrontation
 55925 | Depths:5 | Killed Orauxkutt's ghost
 56240 | Zig:1    | Entered Level 1 of a ziggurat
 56258 | Zig:2    | Entered Level 2 of a ziggurat
 56284 | Zig:3    | Entered Level 3 of a ziggurat
 56317 | Zig:3    | Identified the Incunabulum of Battle Magic
 56329 | Zig:4    | Entered Level 4 of a ziggurat
 56380 | Zig:5    | Entered Level 5 of a ziggurat
 56395 | Zig:5    | Reached skill level 5 in Earth Magic
 56478 | Zig:6    | Entered Level 6 of a ziggurat
 56522 | Zig:6    | Got a sparkling golden ring
 56523 | Zig:6    | Identified the ring of Maniesei {rElec MR+ MP+9} (You found
                  | it on level 6 of a ziggurat)
 56612 | Zig:7    | Entered Level 7 of a ziggurat
 56618 | Zig:7    | Found the +8 demon blade "Leech" {vamp, rN+ AC-3 EV-3}
 56664 | Zig:7    | Identified the Handbook of the Traveller
 56671 | Zig:7    | Got a flickering copper ring
 56672 | Zig:7    | Identified the ring of Koadae {rC+ MR+ Int+3} (You found it
                  | on level 7 of a ziggurat)
 56685 | Zig:8    | Entered Level 8 of a ziggurat
 56691 | Zig:8    | Noticed a greater mummy
 56698 | Zig:8    | Noticed a greater mummy
 56705 | Zig:8    | Killed a greater mummy
 56718 | Zig:8    | Killed a greater mummy
 57029 | Zig:8    | Found the +5 scythe "Finisher" {speed, eviscerate}
 57036 | Zig:8    | Identified the Tome of the Oath and Sinister Rituals
 57039 | Zig:8    | Got a sparkling ivory ring
 57040 | Zig:8    | Identified the cursed ring "Hennywk" {rC+ MP+9 AC-5} (You
                  | found it on level 8 of a ziggurat)
 57044 | Zig:8    | Identified the +5 ring mail of the Rose {rN+ MP+9} (You
                  | found it on level 8 of a ziggurat)
 57151 | Zig:9    | Entered Level 9 of a ziggurat
 57296 | Zig:10   | Entered Level 10 of a ziggurat
 57310 | Zig:10   | Noticed a greater mummy
 57334 | Zig:10   | Killed a greater mummy
 57476 | Zig:10   | Found the +7 pair of quick blades "Gyre" and "Gimble"
                  | {protect}
 57506 | Zig:11   | Entered Level 11 of a ziggurat
 57537 | Zig:11   | Found the +7 Kryia's mail coat {PotionHeal*2 rC+}
 57571 | Zig:11   | Got a steaming turquoise ring
 57572 | Zig:11   | Identified the ring of Ureanini {Wiz rC+ rN++ Str-3 Dex+4}
                  | (You found it on level 11 of a ziggurat)
 57606 | Zig:12   | Entered Level 12 of a ziggurat
 57782 | Zig:13   | Entered Level 13 of a ziggurat
 57857 | Zig:13   | Identified Turodik's Collected Works on the Dusty Oath
 57874 | Zig:14   | Entered Level 14 of a ziggurat
 58247 | Zig:14   | Identified the +1 pair of gloves of the Realm of Zot
                  | {Int+5} (You found it on level 14 of a ziggurat)
 58253 | Zig:15   | Entered Level 15 of a ziggurat
 58277 | Zig:15   | Noticed Japludar the pandemonium lord
 58304 | Zig:15   | Killed Japludar the pandemonium lord
 58348 | Zig:15   | Found the +1 cloak of Starlight {rElec rC+ EV+4 Stlth--}
 58373 | Zig:15   | Identified the Almanac of Heat
 58405 | Zig:15   | Got a brightly glowing crystal plate armour
 58406 | Zig:15   | Identified the +11 crystal plate armour of the Volcano
                  | {-Cast rC++ Int+2 Dex+4} (You acquired it on level 15 of a
                  | ziggurat)
 58422 | Zig:16   | Entered Level 16 of a ziggurat
 58435 | Zig:16   | Noticed a greater mummy
 58437 | Zig:16   | Noticed a greater mummy
 58438 | Zig:16   | Noticed a greater mummy
 58439 | Zig:16   | Noticed a greater mummy
 58440 | Zig:16   | Noticed a greater mummy
 58440 | Zig:16   | Noticed a greater mummy
 58440 | Zig:16   | Noticed a greater mummy
 58441 | Zig:16   | Noticed a greater mummy
 58442 | Zig:16   | Killed a greater mummy
 58445 | Zig:16   | Killed a greater mummy
 58445 | Zig:16   | Killed a greater mummy
 58446 | Zig:16   | Identified the +0 large shield of Freedom {Regen+}
 58447 | Zig:16   | Killed a greater mummy
 58447 | Zig:16   | Reached skill level 15 in Invocations
 58447 | Zig:16   | Killed a greater mummy
 58448 | Zig:16   | Killed a greater mummy
 58453 | Zig:16   | Killed a greater mummy
 58458 | Zig:16   | Killed a greater mummy
 58710 | Zig:17   | Entered Level 17 of a ziggurat
 58719 | Zig:17   | Noticed an ancient lich
 58760 | Zig:17   | Noticed an ancient lich
 58787 | Zig:17   | Killed an ancient lich
 58882 | Zig:17   | Identified the Reference Book on Beguiling
 58900 | Zig:17   | Identified the +0 pair of gloves of Apohasu {rF+ MP+9 Int+8
                  | Stlth-} (You found it on level 17 of a ziggurat)
 58913 | Zig:17   | Identified the Compendium of Boosts and Snow
 58937 | Zig:18   | Entered Level 18 of a ziggurat
 58967 | Zig:18   | Noticed an ancient lich
 58982 | Zig:18   | Killed an ancient lich
 59022 | Zig:18   | Got a scorched silver amulet
 59023 | Zig:18   | Identified the amulet of Odiutes {Acrobat *Drain Int-2
                  | Dex+8} (You found it on level 18 of a ziggurat)
 59029 | Zig:18   | Identified Sif Muna's Tome of the Rocks and Augmentations
 59040 | Zig:19   | Entered Level 19 of a ziggurat
 59315 | Zig:20   | Entered Level 20 of a ziggurat
 59328 | Zig:20   | Noticed Qukkuos the pandemonium lord
 59335 | Zig:20   | Noticed Ekewigg the pandemonium lord
 59335 | Zig:20   | Noticed Qausm the pandemonium lord
 59335 | Zig:20   | Noticed Raesoblid the pandemonium lord
 59348 | Zig:20   | Killed Qausm the pandemonium lord
 59349 | Zig:20   | Noticed Ihoskem the pandemonium lord
 59350 | Zig:20   | Killed Ekewigg the pandemonium lord
 59352 | Zig:20   | Killed Qukkuos the pandemonium lord
 59363 | Zig:20   | Noticed Puma the pandemonium lord
 59363 | Zig:20   | Noticed Roul the pandemonium lord
 59363 | Zig:20   | Noticed Deole the pandemonium lord
 59364 | Zig:20   | Noticed Jyffeorch the pandemonium lord
 59364 | Zig:20   | Noticed Uthreywke the pandemonium lord
 59364 | Zig:20   | Noticed Ketwoikh the pandemonium lord
 59378 | Zig:21   | Entered Level 21 of a ziggurat
 59615 | Zig:21   | Learned a level 2 spell: Song of Slaying
 59782 | Zig:21   | Reached skill level 1 in Charms
 59795 | Zig:21   | Reached skill level 15 in Throwing
 59841 | Zig:21   | Cast into level 2 of the Abyss (naga)
 60589 | Abyss:3  | Gained mutation: Your magical capacity is low. (-10% MP) [a
                  | neqoxec]
 60940 | Abyss:3  | Reached skill level 5 in Dodging
 61161 | Abyss:3  | Identified the +4 chain mail of Starshine {Dex+4} (You
                  | found it on level 3 of the Abyss)
 61414 | Abyss:3  | Gained mutation: Your magical capacity is very low. (-20%
                  | MP) [a neqoxec]
 61457 | Abyss:3  | Identified the +0 pair of boots "Zilis" {*Drain Str+4 Int+8
                  | SInv} (You acquired it on level 3 of the Abyss)
 61473 | Abyss:3  | Reached skill level 5 in Charms
 61551 | Abyss:3  | Noticed an ancient lich
 61556 | Abyss:3  | Killed an ancient lich
 61559 | Abyss:3  | Gained mutation: Your body sometimes deteriorates upon
                  | taking damage. [a neqoxec]
 62015 | Abyss:3  | Gained mutation: Armour fits poorly on your strangely
                  | shaped body. [a neqoxec]
 62250 | Abyss:3  | Found a glowing golden altar of the Shining One.
 62274 | Abyss:3  | Noticed a juggernaut
 62286 | Abyss:3  | Killed a juggernaut
 62306 | Abyss:3  | Got an abyssal rune of Zot
 62590 | Abyss:3  | Paralysed by accursed screaming for 2 turns
 62598 | Abyss:3  | Paralysed by accursed screaming for 1 turns
 62709 | Zig:21   | Escaped the Abyss
 62732 | Zig:21   | Found the +8 trident of the Octopus King {venom, rElec
                  | rPois MR+}
 62793 | Zig:21   | Got a vibrating brass ring
 62794 | Zig:21   | Identified the ring of the Saviour {rC- Int+7 Dex+3} (You
                  | found it on level 21 of a ziggurat)
 62798 | Zig:21   | Got a brightly glowing turquoise ring
 62799 | Zig:21   | Identified the ring "Moazxih" {MP+9 Dex+3} (You found it on
                  | level 21 of a ziggurat)
 62802 | Zig:21   | Identified the cursed +0 cloak of Lethargy {rC- Int+5} (You
                  | found it on level 21 of a ziggurat)
 62812 | Zig:21   | Reached skill level 10 in Dodging
 62835 | Zig:22   | Entered Level 22 of a ziggurat
 62880 | Zig:22   | Noticed a juggernaut
 62880 | Zig:22   | Noticed a juggernaut
 62880 | Zig:22   | Noticed a juggernaut
 62882 | Zig:22   | Noticed a juggernaut
 62921 | Zig:22   | Killed a juggernaut
 62927 | Zig:22   | Killed a juggernaut
 62928 | Zig:22   | Killed a juggernaut
 62935 | Zig:22   | Killed a juggernaut
 63284 | Zig:22   | Identified the Volume of Stones
 63288 | Zig:22   | Identified the Almanac of Augmentations
 63302 | Zig:22   | Got a brightly glowing marble ring
 63315 | Zig:22   | Identified the ring of Nepu {Wiz Int+9 Stlth+} (You found
                  | it on level 22 of a ziggurat)
 63316 | Zig:22   | Got a scorched hat
 63327 | Zig:22   | Identified the +0 hat of the Monkey {rC+ MP+9 Dex+4} (You
                  | acquired it on level 22 of a ziggurat)
 63766 | Vaults:2 | Bought a scroll of enchant armour for 202 gold pieces
 63766 | Vaults:2 | Bought a scroll of identify for 54 gold pieces
 64021 | Orc:2    | Bought a scroll of enchant armour for 127 gold pieces
 64021 | Orc:2    | Bought a potion of cancellation for 136 gold pieces
 64155 | D:6      | Bought a potion of might for 56 gold pieces
 64158 | D:6      | Learned a level 2 spell: Swiftness
 64306 | Orc:2    | Bought a potion of haste for 150 gold pieces
 64306 | Orc:2    | Bought a potion of magic for 120 gold pieces
 64306 | Orc:2    | Bought a potion of haste for 150 gold pieces
 64306 | Orc:2    | Bought 2 potions of resistance for 300 gold pieces
 64306 | Orc:2    | Bought a potion of agility for 60 gold pieces
 64333 | Orc:2    | Bought a potion of haste for 150 gold pieces
 65625 | Orc:2    | Bought a scroll of acquirement for 884 gold pieces
 65628 | Orc:2    | Identified the +13 crystal plate armour of the First Snow
                  | {SInv} (You acquired it on level 2 of the Orcish Mines)
 66351 | Zot:1    | Entered Level 1 of the Realm of Zot
 66382 | Zot:1    | Noticed an orb of fire
 66395 | Zot:1    | Killed an orb of fire
 66411 | Zot:1    | Reached skill level 1 in Air Magic
 67344 | Zot:2    | Lost mutation: Armour fits poorly on your strangely shaped
                  | body. [potion of mutation]
 67344 | Zot:2    | Lost mutation: Your flesh is cold resistant. (rC+) [potion
                  | of mutation]
 67344 | Zot:2    | Gained mutation: You are somewhat resistant to further
                  | mutation. [potion of mutation]
 67555 | Zot:2    | Noticed an orb of fire
 67559 | Zot:2    | Killed an orb of fire
 67866 | Zot:2    | Noticed an orb of fire
 67883 | Zot:2    | Killed an orb of fire
 68729 | Zot:3    | Noticed an orb of fire
 68735 | Zot:3    | Gained mutation: Armour fits poorly on your strangely
                  | shaped body. [an orb of fire]
 68742 | Zot:3    | Killed an orb of fire
 68744 | Zot:3    | Lost mutation: Armour fits poorly on your strangely shaped
                  | body. [potion of mutation]
 68744 | Zot:3    | Lost mutation: Your magical capacity is very low. (-20% MP)
                  | [potion of mutation]
 68744 | Zot:3    | Lost mutation: You are somewhat resistant to further
                  | mutation. [potion of mutation]
 68744 | Zot:3    | Gained mutation: You occasionally shout uncontrollably at
                  | your foes. [potion of mutation]
 68744 | Zot:3    | Lost mutation: Your magical capacity is low. (-10% MP)
                  | [potion of mutation]
 68744 | Zot:3    | Gained mutation: You are agile. (Dex +2) [potion of
                  | mutation]
 68745 | Zot:3    | Lost mutation: You can translocate small distances at will.
                  | [potion of mutation]
 68745 | Zot:3    | Lost mutation: Your body sometimes deteriorates upon taking
                  | damage. [potion of mutation]
 68745 | Zot:3    | Lost mutation: You occasionally shout uncontrollably at
                  | your foes. [potion of mutation]
 68745 | Zot:3    | Lost mutation: You are agile. (Dex +2) [potion of mutation]
 68745 | Zot:3    | Gained mutation: You passively map a small area around you.
                  | [potion of mutation]
 68745 | Zot:3    | Gained mutation: You are clumsy. (Dex -2) [potion of
                  | mutation]
 68745 | Zot:3    | Gained mutation: Your flesh is heat resistant. (rF+)
                  | [potion of mutation]
 69923 | Zot:4    | Identified the Compendium of Enthralling Augmentations
 69974 | Zot:5    | Entered Level 5 of the Realm of Zot
 70626 | Zot:5    | Noticed an ancient lich
 71300 | Zot:5    | Noticed an orb of fire
 71306 | Zot:5    | Killed an orb of fire
 71312 | Zot:5    | Killed an ancient lich
 71364 | Zot:5    | Noticed an ancient lich
 71377 | Zot:5    | Killed an ancient lich
 71456 | Zot:5    | Noticed an ancient lich
 71462 | Zot:5    | Killed an ancient lich
 71506 | Zot:5    | Noticed an ancient lich
 71511 | Zot:5    | Noticed an orb of fire
 71516 | Zot:5    | Noticed an ancient lich
 71519 | Zot:5    | Killed an orb of fire
 71521 | Zot:5    | Killed an ancient lich
 71523 | Zot:5    | Noticed an ancient lich
 71536 | Zot:5    | Killed an ancient lich
 71537 | Zot:5    | Killed an ancient lich
 71561 | Zot:5    | Noticed an ancient lich
 71564 | Zot:5    | Killed an ancient lich
 71640 | Zot:5    | Got the Orb of Zot
 71795 | Depths:5 | Noticed Editi the pandemonium lord
 71818 | Depths:5 | Killed Editi the pandemonium lord
 71895 | Depths:2 | Noticed Xatilun the pandemonium lord
 71930 | Depths:1 | Gained mutation: You are dopey. (Int -2) [a cacodemon]
 72367 | D:$      | Escaped with the Orb!

Levels and vault maps discovered:
D:1:      minmay_arrival_solitary_statue, layout_loops_ring,
          minmay_split_cup_large
D:2:      layout_basic, fedhas_altar_3, uniq_robin, uniq_sigmund
D:3:      layout_loops_corners, serial_park_tiny_pond, hex_medium
D:4:      layout_rooms
D:5:      layout_loops_ring, vehumet_crystals,
          chequers_temple_overflow_statue_of_worship, first_ration,
          chequers_avenue
D:6:      black_bear_nest_2, layout_rooms, grunt_temple_overflow_holy_war,
          lemuel_doored_altar, serial_shops, kennysheep_little_box, shop, shop,
          uniq_menkaure
D:7:      layout_basic, minmay_temple_entry_statues,
          lightli_ossuary_entry_decrepit_ruins, kennysheep_flooded_box
D:8:      layout_rooms, grunt_qazlal_clouds, gammafunk_temple_overflow_pools,
          grunt_livestock
D:9:      layout_roguey, erik_lair_orcish_takeover, gammafunk_ghost_smash
D:10:     layout_loops_ring, erik_orc_1, nicolae_trove_entry_crossroad
D:11:     layout_rooms, lightli_bailey_entry_fortress, serial_co_window_serial,
          co_window_paths_b, co_window_paths_b, co_window_paths_a,
          co_window_paths_a, co_window_paths_a, co_window_of_opportunity_b,
          co_window_broadway_a, co_window_corner_b, co_window_paths_c,
          co_window_cross_2, co_window_4corner_a, co_window_4corner_b,
          glass_columns_a, glass_columns_a, glass_columns_c,
          david_defended_altar_orc
D:12:     layout_basic, hangedman_abyss_or_decor_stagger
D:13:     layout_gridville
D:14:     layout_basic, lightli_vaults_fourway_checkpoint,
          chequers_serial_rivers_micro_c
D:15:     grunt_enter_depths_magical_seal, layout_loops_ring
Temple:   hc_temple_tempest_star
Lair:1:   layout_cave_shapes, basic_altar, lemuel_fruit_fields,
          lemuel_fruit_fields, lemuel_fruit_fields
Lair:2:   layout_roguey, st_stairs_13, grunt_megastairs_4
Lair:3:   layout_roguey, chequers_serial_rivers_micro_e,
          infiniplex_staircase_pool
Lair:4:   layout_cave_pods, minmay_swamp_entry_wisps,
          minmay_snake_entry_guardpost_small, serial_bayou_lagoon_a,
          minmay_holes, eino_house_with_fridge
Lair:5:   layout_gridlike, dpeg_slime_entry_enclosed_altar,
          portal_ice_cave_entry_pillars_1, gauntlet_entry_generic,
          eino_small_chamber_without_monster, serial_bayou_shore_b,
          minmay_lair_oklob_chamber, grunt_megastairs_1
Lair:6:   evilmike_catoblepas_cave, layout_hall_layers,
          chequers_serial_rivers_large_b, chequers_serial_rivers_room_a,
          hibernation_bobbens, serial_bayou_shore_b, serial_bayou_shore_b,
          uniq_snorg
Swamp:1:  layout_basic_swamp, evilmike_swamp_ruin_house_5,
          infiniplex_staircase_pool_2
Swamp:2:  layout_basic_swamp, evilmike_swamp_ruin_house_6
Swamp:3:  layout_basic_swamp, evilmike_swamp_ruin_house_4, swamp_pool2
Swamp:4:  grunt_swamp_rune_castle, layout_basic_swamp, swamp_pool3
Snake:1:  layout_cave_pods, grunt_megastairs_2
Snake:2:  layout_grid_shapes, serial_bayou_shore_b
Snake:3:  layout_cave_town, lemuel_fruit_tree, serial_bayou_shore_a,
          uniq_roxanne, uniq_louise, uniq_azrael, uniq_aizul
Snake:4:  grunt_snake_rune_pools, layout_cave_town, drop_trap, uniq_asterion,
          uniq_saint_roka
Orc:1:    layout_diamond_mine, chequers_guarded_unrand_ignorance
Orc:2:    st_orc_ogre_mass, layout_caves, serial_shops, shop,
          nicolae_shop_crystal, shop, shop_fountains, uniq_rupert
Elf:1:    eino_elf_arrival_customs, layout_loops_ring, minmay_elf_necromancy,
          minivault_27, david_greed, grunt_megastairs_5, uniq_jorgrun,
          uniq_donald
Elf:2:    layout_geoelf_octagon, serial_shops, nicolae_shop_overgrown_old_shop,
          onia_ninara_cookie
Elf:3:    elf_hall_gauntlet_wide, layout_geoelf_grid
Vaults:1: vaults_room_fancy_cross, vaults_mumra_hexcomb, vaults_mumra_lcd,
          v_pattern_2, ontoclasm_vaults_chip, layout_vaults_omnigrid
Vaults:2: vaults_room_glass_cross, nicolae_vaults_network_star,
          ontoclasm_vaults_eye, v_misc_27, grunt_vaults_hallway_short,
          v_misc_22, vaults_dpeg_hooks, ontoclasm_vaults_hangar,
          ontoclasm_vaults_gateway, ontoclasm_vaults_chip,
          layout_vaults_big_room, serial_shops, shop
Vaults:3: advil_vaults_ghost_guards, v_misc_22, v_misc_15, st_more_cells,
          v_pattern_1, grunt_vaults_hallway_short,
          nicolae_vaults_yaktaur_gun_rack, ontoclasm_vaults_misaligned,
          vaults_room_ringed_pool, v_misc_1, nicolae_vaults_angled_halls,
          v_alt_pattern_1, nicolae_vaults_little_squares_4,
          minmay_crypt_entry_necro_gods, layout_vaults_ring, serial_shops, shop,
          shop, shop
Vaults:4: hangedman_vaults_stitches, vaults_room_fancy_cross,
          nicolae_vaults_big_angled_halls, nicolae_vaults_border_crossing,
          vaults_dpeg_cross, vaults_room_corners, v_rooms_1,
          hangedman_vaults_trim, grunt_vaults_funnel, vaults_room_semicircle,
          layout_vaults_omnibox, serial_shops, shop
Vaults:5: uniq_xtahua
Crypt:1:  layout_basic
Crypt:2:  layout_basic
Crypt:3:  grunt_crypt_end_deaths_head
Depths:1: layout_roguey, abyss_entry, serial_sigils,
          serial_sigils_hangedman_scratch, serial_sigils_hangedman_gut,
          serial_sigils_hangedman_gut, serial_sigils_hangedman_confine,
          serial_sigils_hangedman_stare, hell_entry,
          minmay_misc_feat_more_columns, serial_sigils_hangedman_clutch,
          minmay_hedge_maze, minmay_misc_feat_cross, uniq_enchantress
Depths:2: grunt_runaround [grunt_runaround_doors_1, grunt_runaround_doors_2,
          grunt_runaround_doors_3, grunt_runaround_doors_4,
          grunt_runaround_loot], hell_entry
Depths:3: minmay_inside_and_out, layout_basic, rand_demon_pan_entry_1,
          hell_entry, serial_glass, glass_columns_a, glass_columns_b,
          minmay_misc_feat_nine_boxes
Depths:4: hourglass_vault, layout_cave_pools, hell_entry, eino_curves_04,
          serial_shops, shop, abyss_entry_glasseish, nrook_uturn,
          minmay_staircase_windowed_small, uniq_boris
Depths:5: grunt_bruiser_brothers, layout_basic, ebering_ghost_rock_garden,
          hell_entry, horrible_house_mu
Zot:1:    grunt_zot_stairs_faceoff, layout_gridville
Zot:2:    layout_twisted_circle
Zot:3:    layout_twisted_circle
Zot:4:    hangedman_zot_vaults_quadrants, layout_concentric_octagons
Zot:5:    layout_basic

Skill      XL: |  1  2  3  4  5  6  7  8  9 10 11 12 13 14 15 16 17 18 19 20 21 22 23 24 25 26 27 |
---------------+----------------------------------------------------------------------------------+-----
Axes           | 2 3 4 5 7 9 10 11 12 13 14 15 16 17 18 26 | 26.1
Shields        | 4 5 6 7 10 12 14 15 16 17 19 20 21 22 23 24 | 24.4
Throwing       | 1 2 3 4 5 6 7 10 21 | 21.1
Armour         | 4 5 6 7 9 10 11 12 13 14 15 16 17 18 23 | 23.0
Fighting       | 4 5 6 8 9 10 11 12 13 14 15 16 17 18 20 22 23 25 27 | 27.0
Evocations     | 2 4 5 6 7 8 |  8.2
Invocations    | 3 5 7 8 9 10 21 | 21.7
Earth Magic    | 6 |  6.9
Spellcasting   | 4 |  4.6
Transmutations | 4 |  4.2
Dodging        | 12 | 12.6
Charms         | 6 |  6.1
Air Magic      | 3 |  3.2
Long Blades    | |  0.6

Action                   |  1- 3 |  4- 6 |  7- 9 | 10-12 | 13-15 | 16-18 | 19-21 | 22-24 | 25-27 || total
-------------------------+-------+-------+-------+-------+-------+-------+-------+-------+-------++-------
Melee: War axe           |   105 |   239 |   360 |   299 |  1030 |  1073 |   213 |     2 |       ||  3321
       Scimitar          |       |       |       |       |     5 |     9 |       |       |       ||    14
       Broad axe         |       |       |       |       |       |       |   803 |  1178 |  3117 ||  5098
       Hand axe          |       |       |       |       |       |       |       |       |     2 ||     2
Throw: Boomerang         |    14 |     1 |     4 |     4 |   140 |    30 |     5 |    15 |   146 ||   359
       Dart              |     4 |    57 |   108 |    44 |    46 |     4 |       |       |       ||   263
       Javelin           |       |       |       |       |       |       |       |       |   254 ||   254
 Cast: Song of Slaying   |       |       |       |       |       |       |       |       |    41 ||    41
       Passwall          |       |       |       |       |       |       |       |       |     6 ||     6
Invok: Summon Divine War |       |       |       |       |       |     1 |       |       |    10 ||    11
       Cleansing Flame   |       |       |       |       |       |     1 |       |       |    55 ||    56
       Divine Shield     |       |       |       |       |       |       |       |       |     2 ||     2
 Abil: Evoke Berserk Rag |       |       |     1 |       |     1 |       |       |       |       ||     2
       Fly               |       |       |       |       |     1 |       |       |     1 |     2 ||     4
       Stop Flying       |       |       |       |       |       |       |       |     2 |     2 ||     4
Evoke: Wand              |       |       |       |     1 |    11 |     1 |       |       |     9 ||    22
       Lamp of fire      |       |       |       |     1 |       |       |       |       |     2 ||     3
       Phantom mirror    |       |       |       |       |       |       |     1 |       |     1 ||     2
       Box of beasts     |       |       |       |       |       |       |       |       |     1 ||     1
  Use: Potion            |       |       |     1 |     4 |     3 |     2 |       |       |    34 ||    44
       Scroll            |       |       |    11 |    10 |    14 |     2 |    17 |     9 |    53 ||   116
  Eat: Chunk             |       |    10 |    16 |    12 |    33 |    30 |    24 |    19 |    50 ||   194
       Ration            |       |       |       |       |     1 |       |     1 |     2 |    12 ||    16
Armor: Scale mail        |    75 |   128 |    90 |       |       |       |       |       |       ||   293
       Ring mail         |       |       |    28 |       |       |       |       |       |       ||    28
       Chain mail        |       |       |   152 |    81 |       |       |       |       |       ||   233
       Plate armour      |       |       |       |    63 |   391 |   386 |   367 |   303 |   549 ||  2059
       Gold dragon scale |       |       |       |       |       |       |       |       |   502 ||   502
       Crystal plate arm |       |       |       |       |       |       |       |       |    47 ||    47
Dodge: Dodged            |    34 |    95 |   106 |    36 |   110 |   100 |   144 |    99 |   559 ||  1283
Block: Shield            |    71 |   145 |   198 |   208 |       |       |       |       |       ||   622
       Reflection        |       |       |       |    68 |    39 |   159 |    72 |    72 |   125 ||   535
       Large shield      |       |       |       |    87 |  1206 |  1376 |  1237 |  1270 |  3954 ||  9130
       Rpst.: Scimitar   |       |       |       |       |     1 |       |       |       |       ||     1

Table legend:
 A = Non-vault XP
 B = Vault XP
 C = Vault XP percentage of total XP
 D = Non-vault monster count
 E = Vault monster count
 F = Vault count percentage of total count
                 A         B        C        D         E       F
            +---------+---------+-------+---------+---------+-------
      Total | 1741236 | 1027715 |  37.1 |    2472 |    1080 |  30.4
            +---------+---------+-------+---------+---------+-------
        D:1 |      39 |       9 |  18.8 |      20 |       4 |  16.7
        D:2 |      48 |     252 |  84.0 |      17 |      12 |  41.4
        D:3 |     275 |       0 |   0.0 |      52 |       0 |   0.0
        D:4 |     583 |       0 |   0.0 |      24 |       0 |   0.0
        D:5 |     349 |       0 |   0.0 |      15 |       0 |   0.0
        D:6 |     366 |     293 |  44.5 |       9 |       2 |  18.2
        D:7 |    1918 |       0 |   0.0 |      41 |       0 |   0.0
        D:8 |    1975 |     990 |  33.4 |      26 |       5 |  16.1
        D:9 |    1229 |     637 |  34.1 |      26 |       8 |  23.5
       D:10 |    2384 |     570 |  19.3 |      15 |      17 |  53.1
       D:11 |    5003 |     211 |   4.0 |      38 |      15 |  28.3
       D:12 |    6112 |       0 |   0.0 |      23 |       0 |   0.0
       D:13 |    9030 |       0 |   0.0 |      38 |       0 |   0.0
       D:14 |    7411 |    6453 |  46.5 |      35 |      12 |  25.5
       D:15 |    9693 |    4558 |  32.0 |      30 |       9 |  23.1
     Lair:1 |    5866 |       0 |   0.0 |      21 |       0 |   0.0
     Lair:2 |    6053 |     493 |   7.5 |      18 |       2 |  10.0
     Lair:3 |    4783 |       0 |   0.0 |      25 |       0 |   0.0
     Lair:4 |    5741 |    2092 |  26.7 |      30 |      20 |  40.0
     Lair:5 |    5139 |    5033 |  49.5 |      22 |      13 |  37.1
     Lair:6 |    8576 |   13566 |  61.3 |      26 |      25 |  49.0
    Swamp:1 |    8020 |       0 |   0.0 |      29 |       0 |   0.0
    Swamp:2 |   14164 |       0 |   0.0 |      44 |       0 |   0.0
    Swamp:3 |    5650 |       0 |   0.0 |      11 |       0 |   0.0
    Swamp:4 |   24191 |   19489 |  44.6 |      52 |      33 |  38.8
    Snake:1 |   13148 |    3309 |  20.1 |      27 |       7 |  20.6
    Snake:2 |   25541 |       0 |   0.0 |      56 |       0 |   0.0
    Snake:3 |   16828 |    7268 |  30.2 |      37 |      12 |  24.5
    Snake:4 |   21886 |   47299 |  68.4 |      42 |      71 |  62.8
      Orc:1 |    7909 |    2664 |  25.2 |      46 |       4 |   8.0
      Orc:2 |    3302 |   22834 |  87.4 |      33 |      38 |  53.5
      Elf:1 |    6053 |   17510 |  74.3 |       9 |      26 |  74.3
      Elf:2 |   20995 |   36565 |  63.5 |      34 |      51 |  60.0
      Elf:3 |   18384 |   40945 |  69.0 |      38 |      28 |  42.4
   Vaults:1 |   56242 |   10034 |  15.1 |      77 |      13 |  14.4
   Vaults:2 |   25937 |   19146 |  42.5 |      47 |      23 |  32.9
   Vaults:3 |    9595 |    8241 |  46.2 |      16 |      23 |  59.0
   Vaults:4 |   44611 |   77801 |  63.6 |      57 |      69 |  54.8
   Vaults:5 |   40054 |   75261 |  65.3 |      55 |      51 |  48.1
    Crypt:1 |   23114 |       0 |   0.0 |      31 |       0 |   0.0
    Crypt:2 |   35134 |       0 |   0.0 |      49 |       0 |   0.0
    Crypt:3 |       0 |   81430 | 100.0 |       0 |     118 | 100.0
   Depths:1 |   43254 |    9950 |  18.7 |      52 |       7 |  11.9
   Depths:2 |     960 |  147136 |  99.4 |       4 |      98 |  96.1
   Depths:3 |   54342 |   17736 |  24.6 |      71 |      13 |  15.5
   Depths:4 |   39150 |   25809 |  39.7 |      38 |      10 |  20.8
   Depths:5 |   22745 |   26921 |  54.2 |      25 |      24 |  49.0
      Zot:1 |   64774 |   25784 |  28.5 |      37 |      14 |  27.5
      Zot:2 |  104091 |       0 |   0.0 |      47 |       0 |   0.0
      Zot:3 |   37976 |       0 |   0.0 |      18 |       0 |   0.0
      Zot:4 |   52774 |   44956 |  46.0 |      28 |      30 |  51.7
      Zot:5 |   39408 |  168046 |  81.0 |      23 |      40 |  63.5
    Abyss:2 |   29198 |       0 |   0.0 |      53 |       0 |   0.0
    Abyss:3 |  148424 |   31009 |  17.3 |     238 |      26 |   9.8
      Zig:1 |     735 |       0 |   0.0 |       3 |       0 |   0.0
      Zig:2 |    1402 |       0 |   0.0 |       3 |       0 |   0.0
      Zig:3 |    2633 |       0 |   0.0 |       6 |       0 |   0.0
      Zig:4 |    3234 |       0 |   0.0 |       5 |       0 |   0.0
      Zig:5 |    6128 |       0 |   0.0 |       5 |       0 |   0.0
      Zig:6 |   12658 |       0 |   0.0 |       6 |       0 |   0.0
      Zig:7 |   10258 |       0 |   0.0 |       7 |       0 |   0.0
      Zig:8 |   17775 |       0 |   0.0 |      21 |       0 |   0.0
      Zig:9 |   15242 |       0 |   0.0 |      11 |       0 |   0.0
     Zig:10 |   14175 |       0 |   0.0 |      28 |       0 |   0.0
     Zig:11 |   19099 |       0 |   0.0 |      16 |       0 |   0.0
     Zig:12 |   19326 |       0 |   0.0 |      18 |       0 |   0.0
     Zig:13 |   17517 |       0 |   0.0 |      25 |       0 |   0.0
     Zig:14 |   26250 |       0 |   0.0 |      29 |       0 |   0.0
     Zig:15 |   41998 |       0 |   0.0 |      30 |       0 |   0.0
     Zig:16 |   61412 |       0 |   0.0 |      47 |       0 |   0.0
     Zig:17 |   45921 |    2352 |   4.9 |      36 |       4 |  10.0
     Zig:18 |   56839 |       0 |   0.0 |      33 |       0 |   0.0
     Zig:19 |   46759 |       0 |   0.0 |      54 |       0 |   0.0
     Zig:20 |   32464 |       0 |   0.0 |       8 |       0 |   0.0
     Zig:21 |   58126 |    2791 |   4.6 |      62 |       4 |   6.1
     Zig:22 |   90858 |       0 |   0.0 |      44 |       0 |   0.0
    Ossuary |       0 |     270 | 100.0 |       0 |      16 | 100.0
     Bailey |       0 |    1970 | 100.0 |       0 |      26 | 100.0
      IceCv |       0 |   13868 | 100.0 |       0 |      46 | 100.0
   Gauntlet |       0 |    4164 | 100.0 |       0 |      11 | 100.0
            +---------+---------+-------+---------+---------+-------
